 Dungeon Crawl Stone Soup version 0.28.0 (webtiles) character file.

Game seed: 4291845607245537158

324 fragbeetle the Cleaver (level 6, -2/51 HPs)
             Began as a Hill Orc Fighter on Feb 8, 2022.
             Slain by an orc warrior (18 damage)
             ... on level 5 of the Dungeon.
             The game lasted 00:04:57 (3855 turns).

fragbeetle the Cleaver (Hill Orc Fighter)           Turns: 3855, Time: 00:04:58

Health: -2/51      AC:  6    Str: 21    XL:     6   Next: 48%
Magic:  6/6        EV:  9    Int:  8    God:
Gold:   83         SH:  4    Dex: 10    Spells: 5/5 levels left

rFire   . . .      SeeInvis .   a - +0 war axe
rCold   . . .      Faith    .   c - +0 buckler
rNeg    . . .      Spirit   .   b - +0 scale mail
rPois   .          Reflect  .   (no helmet)
rElec   .          Harm     .   (no cloak)
rCorr   .          Rampage  .   (no gloves)
Will    .....                   (no boots)
Stlth   ..........              (no amulet)
HPRegen 0.17/turn               (no ring)
MPRegen 0.10/turn               (no ring)

@: no status effects
A: no striking features
a: no special abilities


You were on level 5 of the Dungeon.
You visited 1 branch of the dungeon, and saw 5 of its levels.

You collected 176 gold pieces.
You spent 93 gold pieces at shops.

Inventory:

Hand Weapons
 a - a +0 war axe (weapon)
Armour
 b - a +0 scale mail (worn)
 c - a +0 buckler (worn)
Wands
 k - a wand of acid (5)
Scrolls
 e - a scroll of holy word
 g - a scroll of enchant armour {unknown}
 h - 2 scrolls of magic mapping
 j - a scroll of immolation {unknown}
 l - a scroll of teleportation
Potions
 d - a potion of might
 f - 2 potions of attraction {unknown}
 i - 3 potions of curing


   Skills:
 - Level 3.6 Fighting
 * Level 8.8 Axes
 - Level 3.2 Armour
 - Level 3.2 Shields


You had 5 spell levels left.
You didn't know any spells.
Your spell library contained the following spells:

 Spells                   Type           Power      Damage    Failure   Level
 Summon Small Mammal      Summ           0%         N/A       83%         1
 Call Canine Familiar     Summ           0%         N/A       99%         3
 Confusing Touch          Hex            0%         N/A       99%         3
 Ignite Poison            Fire/Tmut/Pois 0%         N/A       99%         3
 Mephitic Cloud           Conj/Pois/Air  0%         N/A       99%         3
 Summon Guardian Golem    Hex/Summ       0%         N/A       99%         3
 Freezing Cloud           Conj/Ice/Air   0%         6-21      100%        5
 Yara's Violent Unravell  Hex/Tmut       0%         3d3       100%        5
 Enfeeble                 Hex            0%         N/A       100%        7


Dungeon Overview and Level Annotations

Branches:
Dungeon (5/15)
 Temple: D:4-7

Altars:

Shops:
D:3 ?

Annotations:
D:4 Dowan


Message History

Found 12 gold pieces.
The orc warrior closely misses you.
You see here a +0 hunting sling.
Found 9 gold pieces.
A hound comes into view.
A howler monkey zombie comes into view.
The hound barks!
A howler monkey comes into view.
The howler monkey howls!
The hound bites you. You block the hound's attack.
You closely miss the hound. You hit the orc warrior.
The hound barely misses you. You block the orc warrior's attack.
You closely miss the orc warrior.
The orc warrior is lightly wounded.
You hit the hound. The hound bites you but does no damage.
The orc warrior hits you with a +0 war axe!
The gnoll closely misses you. The hound bites you.
You are too injured to fight recklessly!
You are too injured to fight recklessly!
Unknown command.
You are too injured to fight recklessly!
You are too injured to fight recklessly!
Unknown command.
You slash the orc warrior!
The orc warrior is severely wounded.
You slash the hound! The hound bites you but does no damage.
The orc warrior closely misses you.
The gnoll hits you from afar with a +0 spear.
The hound bites you.
You slash the hound!
You kill the hound!
You closely miss the orc warrior.
The gnoll hits you from afar with a +0 spear.
* * * LOW HITPOINT WARNING * * *
The orc warrior closely misses you.
The howler monkey hits you but does no damage.
You hit the orc warrior.
The orc warrior is severely wounded.
You hit the howler monkey.
The orc warrior hits you with a +0 war axe!!
You die...

## # .# .###. .#
......#######.#
.....Zh@oggg..#
#.#.#.#######..#
#.#.#. #.$#
#.#.. # #..#
#.#.## .# #..#
....#.# #g.#
#.....# #).#
##########.w##.#
#g.#
.......gg...##.#
#..#


You could see an orc warrior, a howler monkey, 3 gnolls and a howler monkey
zombie.

Vanquished Creatures
  A phantom (D:5)
  A hound (D:5)
  Ijyb (D:3)
  Natasha (thrice) (D:2)
  A hound skeleton (D:4)
  2 adders
  An adder skeleton (D:2)
  3 dart slugs
  3 orcs
  10 bats
  7 endoplasms
  A giant cockroach (D:2)
  4 goblins
  7 hobgoblins
  5 jackals
  9 kobolds
  3 quokkas
  12 ball pythons
  5 frilled lizards
  8 rats
87 creatures vanquished.

Notes
Turn   | Place    | Note
-------+----------+-------------------------------------------
     0 | D:1      | fragbeetle the Hill Orc Fighter began the quest for the
                  | Orb.
     0 | D:1      | Reached XP level 1. HP: 19/19 MP: 1/1
    58 | D:1      | Reached skill level 3 in Axes
   183 | D:1      | Reached XP level 2. HP: 20/26 MP: 2/2
   187 | D:1      | Reached skill level 4 in Axes
   341 | D:1      | Reached XP level 3. HP: 27/31 MP: 3/3
   677 | D:2      | Reached skill level 5 in Axes
   847 | D:2      | Found a faded altar of an unknown god.
   862 | D:2      | Reached XP level 4. HP: 11/39 MP: 4/4
  1493 | D:2      | Noticed Natasha
  1498 | D:2      | Killed Natasha
  1499 | D:2      | Reached skill level 6 in Axes
  1560 | D:2      | Noticed Natasha
  1571 | D:2      | Killed Natasha
  1572 | D:2      | Reached XP level 5. HP: 36/45 MP: 5/5
  1673 | D:2      | Found a faded altar of an unknown god.
  1756 | D:2      | Noticed Natasha
  1763 | D:2      | Killed Natasha
  1764 | D:2      | Reached skill level 7 in Axes
  2167 | D:3      | Noticed Ijyb
  2183 | D:3      | Killed Ijyb
  2682 | D:3      | Found Zemi's Magic Scroll Shoppe.
  2690 | D:3      | Bought a scroll of identify for 22 gold pieces
  2690 | D:3      | Bought a scroll of teleportation for 33 gold pieces
  2690 | D:3      | Bought a scroll of magic mapping for 38 gold pieces
  3540 | D:4      | Reached skill level 8 in Axes
  3586 | D:4      | Noticed Dowan
  3711 | D:4      | Reached XP level 6. HP: 46/51 MP: 6/6
  3791 | D:5      | Entered Level 5 of the Dungeon
  3813 | D:5      | Noticed an orc warrior
  3855 | D:5      | Slain by an orc warrior

Illustrated notes

Levels and vault maps discovered:
D:1:      dpeg_arrival_three_bigger_balls, layout_basic
D:2:      layout_rooms, nicolae_ecumenical_snake_handling, uniq_natasha
D:3:      layout_basic, serial_shops, shop_scrolls, uniq_ijyb
D:4:      layout_basic, minmay_cut_off, uniq_duvessa
D:5:      layout_loops_ring, minmay_manual_monolith

Skill      XL: |  1  2  3  4  5 |
---------------+----------------+-----
Axes           | 3 4 5 6 8 |  8.8
Fighting       | |  3.6
Armour         | |  3.2
Shields        | |  3.2

Action                   |  1- 3 |  4- 6 || total
-------------------------+-------+-------++-------
Melee: War axe           |    86 |   125 ||   211
Evoke: Wand              |       |     1 ||     1
  Use: Scroll            |       |     3 ||     3
Armor: Scale mail        |    40 |    45 ||    85
Dodge: Dodged            |    47 |    54 ||   101
Block: Buckler           |    20 |    26 ||    46
